 Dungeon Crawl Stone Soup version 0.27-a0-1105-g946c659c87 (webtiles) character file.

Game seed: 245602079018722067

17 Gaff the Magician (level 2, -2/21 HPs)
             Began as a Djinni Earth Elementalist on Apr 28, 2021.
             Slain by a kobold
             ... wielding a +0 dagger
              (3 damage)
             ... on level 1 of the Dungeon.
             The game lasted 00:01:12 (655 turns).

Gaff the Magician (Djinni Earth Elementalist)        Turns: 655, Time: 00:01:13

Health: -2/21      AC:  2    Str:  7    XL:     2   Next: 62%
Gold:   35         EV: 12    Int: 16    God:
                   SH:  0    Dex: 13

rFire    + + .     SeeInvis .   a - +0 short sword
rCold    x . .     Faith    .   (no shield)
rNeg     . . .     Spirit   .   c - +0 robe
rPois    ∞         Reflect  .   (no helmet)
rElec    .         Harm     .   (no cloak)
rCorr    .         Rampage  .   (no gloves)
Will     .....                  (boots unavailable)
Stlth    ++........             (no amulet)
HPRegen  0.07/turn              (no ring)
MPRegen  0.00/turn              (no ring)

@: flying
A: fire resistance 2, cold vulnerability 1, float, innate caster, hp casting,
extra vitality 1
a: no special abilities


You were on level 1 of the Dungeon.
You visited 1 branch of the dungeon, and saw 1 of its levels.

You collected 35 gold pieces.

Inventory:

Hand Weapons
 a - a +0 short sword (weapon)
Missiles
 b - 25 stones
Armour
 c - a +0 robe (worn)
Scrolls
 d - 3 scrolls of identify {unknown}
Potions
 e - a potion of lignification {unknown}


   Skills:
 - Level 2.2 Dodging
 - Level 1.5 Stealth
 * Level 3.3 Spellcasting


You couldn't memorise any spells.
You knew the following spells:

 Your Spells              Type           Power      Damage    Failure   Level
a - Sandblast             Erth           26%        2d8       4%          1
b - Passwall              Tmut/Erth      10%        N/A       7%          2
c - Stone Arrow           Conj/Erth      26%        3d8       14%         3
d - Petrify               Tmut/Erth      13%        N/A       41%         4
e - Lee's Rapid Deconstr  Erth           6%         3d7*      77%         5
Your spell library was empty.

Dungeon Overview and Level Annotations

Branches:
Dungeon (1/15)

Altars:


Innate Abilities, Weirdness & Mutations

You are immune to poison.
Your flesh is very heat resistant. (rF++)
You are vulnerable to cold. (rC-)
You float through the air rather than walking.
You learn spells naturally, not from books.
Your magical power is your life essence.
You have superior vitality. (+4 HP)


Message History

The hobgoblin is almost dead.
* * * LOW HITPOINT WARNING * * *
The hobgoblin hits you.
* * * LOW HITPOINT WARNING * * *
Aiming: Sandblast (safe; 4% risk of failure)
Press: ? - help, Q - select action, (/) - cycle Shift-Dir - straight line, f/p - hobgoblin
Aim: a hobgoblin (almost dead, 79% to hit)
The blast of sand hits the hobgoblin!
You kill the hobgoblin!
* * * LOW HITPOINT WARNING * * *
Aiming: Sandblast (safe; 4% risk of failure)
Press: ? - help, Q - select action, (/) - cycle Shift-Dir - straight line, f - goblin
Aim: a goblin, wielding a +0 club (74% to hit)
The blast of sand misses the goblin.
The blast of sand hits the giant cockroach!
You kill the giant cockroach!
* * * LOW HITPOINT WARNING * * *
The goblin completely misses you.
Aiming: Sandblast (safe; 4% risk of failure)
Press: ? - help, Q - select action, (/) - cycle Shift-Dir - straight line, f/p - goblin
Aim: a goblin, wielding a +0 club (74% to hit)
The blast of sand hits the goblin.
You kill the goblin!
* * * LOW HITPOINT WARNING * * *
The kobold throws a stone.
The stone hits you.
* * * LOW HITPOINT WARNING * * *
Aiming: Sandblast (safe; 4% risk of failure)
Press: ? - help, Q - select action, (/) - cycle Shift-Dir - straight line, f - you
Okay, then.
You see here a +0 club.
Aiming: Sandblast (safe; 4% risk of failure)
Press: ? - help, Q - select action, (/) - cycle Shift-Dir - straight line, f - kobold
Aim: a kobold, wielding a +0 dagger and quivering stones (74% to hit)
The blast of sand hits the kobold but does no damage.
* * * LOW HITPOINT WARNING * * *
Unknown command.
You closely miss the kobold. The kobold hits you with a +0 dagger.
* * * LOW HITPOINT WARNING * * *
You hit the kobold but do no damage. The kobold hits you with a +0 dagger.
You die...

#..........#≈..P...♣.≈#
#......#.###≈.PPP.♣♣♣≈#
#......#.###≈..P...♣.≈#
#.....##...#♣♣.......♣#
###....#.#.......<...≈.
####.#.###♣♣.......♣#
#.#.# #≈..P...P.≈# #
#.#.# #≈.PPP.PPP≈# #.
#@#.# #≈..P...P.≈# .#..
#K#.# #≈≈≈≈♣≈♣≈≈≈#
..... #†#.# #####.#####
......#.#.# #.# #
....g.....# #
..........# #.........#
#...........
#............


You could see a kobold.

Vanquished Creatures
  An endoplasm (D:1)
  A giant cockroach (D:1)
  3 hobgoblins (D:1)
  2 kobolds (D:1)
  A bat (D:1)
  A frilled lizard (D:1)
  4 goblins (D:1)
  5 rats (D:1)
18 creatures vanquished.

Vanquished Creatures (others)
  5 toadstools (D:1)
5 creatures vanquished.

Grand Total: 23 creatures vanquished

Notes
Turn   | Place    | Note
-------+----------+-------------------------------------------
     0 | D:1      | Gaff the Djinni Earth Elementalist began the quest for the
                  | Orb.
     0 | D:1      | Reached XP level 1. HP: 15/15 MP: 0/0
   113 | D:1      | Reached skill level 3 in Spellcasting
   318 | D:1      | Reached XP level 2. HP: 21/21 MP: 0/0
   654 | D:1      | HP: 1/21 [kobold/+0 dagger (1)]
   655 | D:1      | Slain by a kobold

Illustrated notes

Levels and vault maps discovered:
D:1:      ldierk_walled_garden, layout_basic, minmay_ruptured

Skill      XL: |  1 |
---------------+----+-----
Spellcasting   | 3 |  3.3
Dodging        | |  2.2
Stealth        | |  1.5

Action                   || total
-------------------------++-------
Melee: Short sword       ||    39
       Unarmed           ||     1
 Cast: Sandblast         ||    10
 Stab: Sleeping          ||     2
Armor: Robe              ||     1
Dodge: Dodged            ||    27

Table legend: (Time is in decaauts)
 A = Elapsed time spent in this place.
 B = Non-inter-level travel time spent in this place.
 C = Inter-level travel time spent in this place.
 D = Time resting spent in this place.
 E = Time spent auto-exploring this place.
 F = Levels seen in this place.
 G = Mean time per level.
                   A        B        C        D        E       F      G
               +--------+--------+--------+--------+--------+-----+--------+
         Total |    658 |    658 |      0 |    390 |    121 |   1 |  658.0 |
       Dungeon |    658 |    658 |      0 |    390 |    121 |   1 |  658.0 |
               +--------+--------+--------+--------+--------+-----+--------+

Top non-repeatable levels by time:
     D:1: 658 daAuts
